SAA
ATHLETIC CLUB KC ACADEMY @ DURHAM RAPIERS
05/01/2029
 
TOP OF THE 1ST
Athletic Club KC Academy batting - Pitching for Durham Rapiers : RHP Pedro Adame
Pitching: RHP Pedro Adame
Batting: RHB Tony Osorio 0-0: Foul Ball, location: 2F
0-1: Ball
1-1: Ball
2-1: Called Strike
2-2: Foul Ball, location: 2F
2-2: Foul Ball, location: 2F
2-2: SINGLE (Groundball, 34D)
Batting: RHB Tasuku Goto 0-0: Ball
1-0: Called Strike
1-1: Ball
2-1: Swinging Strike
2-2: Strikes out swinging
Batting: LHB Wu-shun Chu 0-0: Swinging Strike
0-1: Ball
1-1: Ball
2-1: Ball
3-1: Base on Balls
Tony Osorio to second
Batting: LHB Kwang-chih Feng 0-0: Called Strike
0-1: Hit by Pitch
Tony Osorio to third
Wu-shun Chu to second
Batting: RHB Roberto Romero 0-0: Called Strike
0-1: Called Strike
0-2: SINGLE (Line Drive, 78S)
Tony Osorio scores
Wu-shun Chu to third
Kwang-chih Feng to second
Runner from 3rd tries for Home, SAFE, throw made home
Batting: RHB Fernando Rodríguez 0-0: Grounds into double play, 4-6-3 (Groundball, 4)
Top of the 1st over - 2 runs, 2 hits, 0 errors, 1 left on base; Athletic Club KC Academy 2 - Durham 0
BOTTOM OF THE 1ST
Durham Rapiers batting - Pitching for Athletic Club KC Academy : RHP Gabriel Reyes
Pitching: RHP Gabriel Reyes
Batting: SHB Carlos Chávez 0-0: Ball
1-0: Ball
2-0: Called Strike
2-1: Ground out 6-3 (Groundball, 6M)
Batting: SHB Anthony Hopkins 0-0: Ball
1-0: Swinging Strike
1-1: Ground out 3-1 (Groundball, 34)
Batting: RHB Vincent Klein 0-0: Called Strike
0-1: Foul Ball, location: 2F
0-2: Foul Ball, location: 2F
0-2: Ball
1-2: Ball
2-2: Strikes out swinging
Bottom of the 1st over - 0 runs, 0 hits, 0 errors, 0 left on base; Athletic Club KC Academy 2 - Durham 0
TOP OF THE 2ND
Athletic Club KC Academy batting - Pitching for Durham Rapiers : RHP Pedro Adame
Batting: SHB Gerald Merendino 0-0: Ball
1-0: Ball
2-0: Ball
3-0: Base on Balls
Batting: RHB Troy Whitehurst 0-0: Called Strike
0-1: SINGLE (Line Drive, 8LS)
Gerald Merendino to second
Batting: RHB Dewey Nauss 0-0: Foul Ball, location: 2F
0-1: Grounds into double play, U3-6 (Groundball, 3L)
Gerald Merendino to third
Batting: RHB Tony Osorio 0-0: Ball
1-0: Foul Ball, location: 2F
1-1: Ball
2-1: Ball
3-1: Base on Balls
Batting: RHB Tasuku Goto 0-0: Ball
1-0: Foul Ball, location: 2F
1-1: Swinging Strike
1-2: Foul Ball, location: 2F
1-2: Ball
2-2: SINGLE (Line Drive, 7LM)
Gerald Merendino scores
Tony Osorio to second
Batting: LHB Wu-shun Chu 0-0: Called Strike
0-1: DOUBLE (Line Drive, 78M)
Tony Osorio scores
Tasuku Goto to third
Runner from 3rd tries for Home, SAFE, no throw
Batting: LHB Kwang-chih Feng 0-0: Ball
1-0: Swinging Strike
1-1: SINGLE (Line Drive, 9S)
Wu-shun Chu to third
Runner from 3rd tries for Home, SAFE, no throw
Batting: RHB Roberto Romero 0-0: DOUBLE (Line Drive, 3D)
Kwang-chih Feng to third
Runner from 3rd tries for Home, SAFE, no throw
Batting: RHB Fernando Rodríguez 0-0: Called Strike
0-1: Called Strike
0-2: Strikes out swinging
Top of the 2nd over - 5 runs, 5 hits, 0 errors, 1 left on base; Athletic Club KC Academy 7 - Durham 0
BOTTOM OF THE 2ND
Durham Rapiers batting - Pitching for Athletic Club KC Academy : RHP Gabriel Reyes
Batting: RHB Armando Chamú 0-0: Called Strike
0-1: Fly out, F7 (Flyball, 7D)
Batting: RHB Dave Sienna 0-0: Called Strike
0-1: Ball
1-1: Ball
2-1: Ball
3-1: Base on Balls
Batting: RHB Tomás Costello 0-0: Called Strike
0-1: Foul Ball, location: 2F
0-2: Foul Ball, location: 2F
0-2: Ball
Throwing error on steal attempt, E2
Dave Sienna to third
1-2: Foul Ball, location: 2F
1-2: Strikes out swinging
Batting: RHB Jesús Cisneros 0-0: Called Strike
0-1: Ball
1-1: Foul Ball, location: 2F
1-2: Foul Ball, location: 2F
1-2: Ball
2-2: Ball
3-2: Base on Balls
Batting: SHB Cash Masters 0-0: Called Strike
0-1: Ball
1-1: Ball
2-1: Ball
3-1: Called Strike
3-2: SINGLE (Groundball, 34D)
Dave Sienna scores
Jesús Cisneros to second
Jesús Cisneros to third
Batting: RHB Terry Loyd 0-0: Called Strike
0-1: Ball
1-1: Ball
2-1: Foul Ball, location: 2F
2-2: Strikes out swinging
Bottom of the 2nd over - 1 run, 1 hit, 1 error, 2 left on base; Athletic Club KC Academy 7 - Durham 1
TOP OF THE 3RD
Athletic Club KC Academy batting - Pitching for Durham Rapiers : RHP Pedro Adame
Batting: SHB Gerald Merendino 0-0: Ball
1-0: Ball
2-0: Ball
3-0: Called Strike
3-1: Base on Balls
Batting: RHB Troy Whitehurst 0-0: Foul Ball, location: 2F
0-1: Swinging Strike
0-2: Fly out, F7 (Flyball, 7D)
Batting: RHB Dewey Nauss 0-0: SINGLE (Groundball, 6M) (infield hit)
Gerald Merendino to second
Batting: RHB Tony Osorio 0-0: Ball
1-0: Ball
2-0: Fly out, F7 (Flyball, 7)
Batting: RHB Tasuku Goto 0-0: Fly out, F5 (Popup, 5L)
Top of the 3rd over - 0 runs, 1 hit, 0 errors, 2 left on base; Athletic Club KC Academy 7 - Durham 1
BOTTOM OF THE 3RD
Durham Rapiers batting - Pitching for Athletic Club KC Academy : RHP Gabriel Reyes
Batting: SHB Carlos Chávez 0-0: Ball
1-0: Ball
2-0: Ball
3-0: Base on Balls
Batting: SHB Anthony Hopkins 0-0: Foul Ball, location: 2F
0-1: Swinging Strike
0-2: Strikes out looking
Carlos Chávez steals 2nd base
Batter strikes out.
Batting: RHB Vincent Klein 0-0: Ball
1-0: Ball
2-0: Swinging Strike
2-1: Swinging Strike
2-2: Ground out 5-3 (Groundball, 5)
Batting: RHB Armando Chamú 0-0: Ball
1-0: Called Strike
1-1: Ball
2-1: Foul Ball, location: 2F
2-2: Ball
3-2: Foul Ball, location: 2F
3-2: Base on Balls
Batting: RHB Dave Sienna 0-0: Ball
1-0: SINGLE (Line Drive, 78S)
Carlos Chávez to third
Armando Chamú to second
Batting: RHB Tomás Costello 0-0: Ball
1-0: Fielders Choice at 2nd, 5-4 (Groundball, 5)
Bottom of the 3rd over - 0 runs, 1 hit, 0 errors, 3 left on base; Athletic Club KC Academy 7 - Durham 1
TOP OF THE 4TH
Athletic Club KC Academy batting - Pitching for Durham Rapiers : RHP Pedro Adame
Batting: LHB Wu-shun Chu 0-0: Fly out, F7 (Flyball, 78M)
Batting: LHB Kwang-chih Feng 0-0: Ball
1-0: Fly out, F8 (Flyball, 8LM)
Batting: RHB Roberto Romero 0-0: Called Strike
0-1: Ground out 6-3 (Groundball, 6)
Top of the 4th over - 0 runs, 0 hits, 0 errors, 0 left on base; Athletic Club KC Academy 7 - Durham 1
BOTTOM OF THE 4TH
Durham Rapiers batting - Pitching for Athletic Club KC Academy : RHP Gabriel Reyes
Batting: RHB Jesús Cisneros 0-0: Ball
1-0: Ball
2-0: Fly out, F5 (Line Drive, 56)
Batting: SHB Cash Masters 0-0: Ground out 6-3 (Groundball, 6S)
Batting: RHB Terry Loyd 0-0: Called Strike
0-1: Ball
1-1: Ball
2-1: SINGLE (Groundball, 56D)
Batting: SHB Carlos Chávez 0-0: Ball
1-0: Ball
2-0: Called Strike
2-1: Ball
3-1: Base on Balls
Terry Loyd to second
Batting: SHB Anthony Hopkins 0-0: Called Strike
0-1: Ball
1-1: Called Strike
1-2: Foul Ball, location: 2F
1-2: Fly out, F4 (Line Drive, 4)
Bottom of the 4th over - 0 runs, 1 hit, 0 errors, 2 left on base; Athletic Club KC Academy 7 - Durham 1
TOP OF THE 5TH
Athletic Club KC Academy batting - Pitching for Durham Rapiers : RHP Pedro Adame
Batting: RHB Fernando Rodríguez 0-0: Ball
1-0: Foul Ball, location: 2F
1-1: Ball
2-1: Fly out, F9 (Flyball, 9)
Batting: SHB Gerald Merendino 0-0: Fly out, F7 (Flyball, 7S)
Batting: RHB Troy Whitehurst 0-0: Ball
1-0: Called Strike
1-1: Ground out 6-3 (Groundball, 6)
Top of the 5th over - 0 runs, 0 hits, 0 errors, 0 left on base; Athletic Club KC Academy 7 - Durham 1
BOTTOM OF THE 5TH
Durham Rapiers batting - Pitching for Athletic Club KC Academy : RHP Gabriel Reyes
Batting: RHB Vincent Klein 0-0: Called Strike
0-1: Ball
1-1: Foul Ball, location: 2F
1-2: Ball
2-2: Ball
3-2: Base on Balls
Batting: RHB Armando Chamú 0-0: Ball
1-0: Foul Ball, location: 2F
1-1: Fly out, F7 (Flyball, 7)
Batting: RHB Dave Sienna 0-0: Ball
1-0: Foul Ball, location: 2F
1-1: Ball
2-1: Ball
3-1: Foul Ball, location: 2F
3-2: Foul Ball, location: 2F
3-2: Strikes out swinging
Batting: RHB Tomás Costello 0-0: Foul Ball, location: 2F
0-1: Ball
1-1: Ball
2-1: Ball
3-1: SINGLE (Groundball, 4MD)
Vincent Klein to second
Batting: RHB Jesús Cisneros 0-0: Ball
1-0: Called Strike
1-1: Foul Ball, location: 2F
1-2: Strikes out swinging
Bottom of the 5th over - 0 runs, 1 hit, 0 errors, 2 left on base; Athletic Club KC Academy 7 - Durham 1
TOP OF THE 6TH
Athletic Club KC Academy batting - Pitching for Durham Rapiers : RHP Pedro Adame
Pitching: LHP Guillermo Lemus
Batting: RHB Dewey Nauss 0-0: Called Strike
0-1: Ball
1-1: Foul Ball, location: 2F
1-2: Foul Ball, location: 2F
1-2: Foul Ball, location: 2F
1-2: Ball
2-2: Fly out, F9 (Flyball, 89D)
Batting: RHB Tony Osorio 0-0: Ball
1-0: Called Strike
1-1: Foul Ball, location: 2F
1-2: Foul Ball, location: 2F
1-2: Ball
2-2: Ball
3-2: SINGLE (Groundball, 4D)
Batting: RHB Tasuku Goto 0-0: Ball
1-0: Ball
2-0: Called Strike
2-1: Ball
3-1: Base on Balls
Tony Osorio to second
Batting: LHB Wu-shun Chu 0-0: SINGLE (Flyball, 9LS)
Tony Osorio to third
Tasuku Goto to second
Batting: LHB Kwang-chih Feng 0-0: Ball
1-0: Ball
2-0: Foul Ball, location: 2F
2-1: Ball
3-1: Fly out, F5 (Popup, 5L)
Batting: RHB Roberto Romero 0-0: Ball
1-0: Called Strike
1-1: Ball
2-1: Ground out 4-3 (Groundball, 4)
Top of the 6th over - 0 runs, 2 hits, 0 errors, 3 left on base; Athletic Club KC Academy 7 - Durham 1
BOTTOM OF THE 6TH
Durham Rapiers batting - Pitching for Athletic Club KC Academy : RHP Gabriel Reyes
Batting: SHB Cash Masters 0-0: Called Strike
0-1: SINGLE (Flyball, 9LM)
Pitching: RHP Jorge Cintrón
Batting: RHB Terry Loyd 0-0: Fly out, F9 (Flyball, 9D)
Runner from 1st tags up, SAFE at 2nd
Batting: SHB Carlos Chávez 0-0: Ball
1-0: Called Strike
1-1: Swinging Strike
1-2: Ball
2-2: Foul Ball, location: 2F
2-2: Ball
3-2: Base on Balls
Batting: SHB Anthony Hopkins 0-0: Ball
1-0: Foul Ball, location: 2F
1-1: Ball
2-1: Called Strike
2-2: Ball
3-2: Fielders Choice at 2nd, 6-4 (Groundball, 6)
Cash Masters to third
Batting: RHB Vincent Klein 0-0: Ball
1-0: Fly out, F8 (Flyball, 78M)
Bottom of the 6th over - 0 runs, 1 hit, 0 errors, 2 left on base; Athletic Club KC Academy 7 - Durham 1
TOP OF THE 7TH
Athletic Club KC Academy batting - Pitching for Durham Rapiers : LHP Guillermo Lemus
Batting: RHB Fernando Rodríguez 0-0: Ground out 6-3 (Groundball, 6)
Batting: SHB Gerald Merendino 0-0: Called Strike
0-1: Ball
1-1: Ball
2-1: Ball
3-1: Swinging Strike
3-2: Foul Ball, location: 2F
3-2: Strikes out looking
Batting: RHB Troy Whitehurst 0-0: Ball
1-0: Called Strike
1-1: Swinging Strike
1-2: Ball
2-2: Foul Ball, location: 2F
2-2: Ball
3-2: Fly out, F7 (Flyball, 7S)
Top of the 7th over - 0 runs, 0 hits, 0 errors, 0 left on base; Athletic Club KC Academy 7 - Durham 1
BOTTOM OF THE 7TH
Durham Rapiers batting - Pitching for Athletic Club KC Academy : RHP Jorge Cintrón
Now in LF: Takayuki Yoshikawa
Now in RF: Arturo Annunziato
Batting: RHB Armando Chamú 0-0: Swinging Strike
0-1: Foul Ball, location: 2F
0-2: Ball
1-2: Foul Ball, location: 2F
1-2: Foul Ball, location: 2F
1-2: Ball
2-2: Ball
3-2: Base on Balls
Batting: RHB Dave Sienna 0-0: Called Strike
0-1: Ball
1-1: Foul Ball, location: 2F
1-2: Fly out, F7 (Flyball, 7LSF)
Batting: RHB Tomás Costello 0-0: Ball
1-0: Foul Ball, location: 2F
1-1: Foul Ball, location: 2F
1-2: Strikes out swinging
Batting: RHB Jesús Cisneros 0-0: Called Strike
0-1: Ball
1-1: Ball
2-1: Reached on error, E4 (Groundball, 4)
Armando Chamú to second
Batting: SHB Cash Masters 0-0: Ball
1-0: Called Strike
1-1: Ball
2-1: Foul Ball, location: 2F
2-2: Reached on error, E4 (Groundball, 4)
Armando Chamú to third
Jesús Cisneros to second
Batting: RHB Terry Loyd 0-0: Called Strike
0-1: Ball
1-1: Ball
2-1: Called Strike
2-2: Ball
3-2: Ground out 6-3 (Groundball, 6S)
Bottom of the 7th over - 0 runs, 0 hits, 2 errors, 3 left on base; Athletic Club KC Academy 7 - Durham 1
TOP OF THE 8TH
Athletic Club KC Academy batting - Pitching for Durham Rapiers : LHP Guillermo Lemus
Batting: RHB Dewey Nauss 0-0: Ball
1-0: Ball
2-0: Called Strike
2-1: Swinging Strike
2-2: Foul Ball, location: 2F
2-2: Fly out, F8 (Line Drive, 89D)
Batting: RHB Tony Osorio 0-0: Called Strike
0-1: Ball
1-1: Ground out 4-3 (Groundball, 34)
Batting: RHB Tasuku Goto 0-0: Foul Ball, location: 2F
0-1: Ball
1-1: Swinging Strike
1-2: Strikes out swinging
Top of the 8th over - 0 runs, 0 hits, 0 errors, 0 left on base; Athletic Club KC Academy 7 - Durham 1
BOTTOM OF THE 8TH
Durham Rapiers batting - Pitching for Athletic Club KC Academy : RHP Jorge Cintrón
Now at C: Miguel Rodríguez
Batting: SHB Carlos Chávez 0-0: Foul Ball, location: 2F
0-1: Ground out 1-3 (Groundball, 13S)
Batting: SHB Anthony Hopkins 0-0: Called Strike
0-1: Ground out 3-1 (Groundball, 34)
Batting: RHB Vincent Klein 0-0: Ball
1-0: Ground out 1-3 (Groundball, 13S)
Bottom of the 8th over - 0 runs, 0 hits, 0 errors, 0 left on base; Athletic Club KC Academy 7 - Durham 1
TOP OF THE 9TH
Athletic Club KC Academy batting - Pitching for Durham Rapiers : LHP Guillermo Lemus
Batting: LHB Wu-shun Chu 0-0: Ball
1-0: Swinging Strike
1-1: Ball
2-1: Foul Ball, location: 2F
2-2: Strikes out swinging
Batting: LHB Kwang-chih Feng 0-0: Swinging Strike
0-1: Ball
1-1: Fly out, F8 (Flyball, 8LD)
Batting: RHB Roberto Romero 0-0: Ball
1-0: Foul Ball, location: 2F
1-1: Ball
2-1: Fly out, F7 (Flyball, 7S)
Top of the 9th over - 0 runs, 0 hits, 0 errors, 0 left on base; Athletic Club KC Academy 7 - Durham 1
BOTTOM OF THE 9TH
Durham Rapiers batting - Pitching for Athletic Club KC Academy : RHP Jorge Cintrón
Batting: RHB Armando Chamú 0-0: Ground out 5-3 (Groundball, 56)
Batting: RHB Dave Sienna 0-0: Ball
1-0: Called Strike
1-1: Swinging Strike
1-2: Fly out, F9 (Flyball, 9D)
Batting: RHB Tomás Costello 0-0: Ball
1-0: SINGLE (Groundball, 6MD)
Batting: RHB Jesús Cisneros 0-0: Called Strike
0-1: Ball
1-1: Foul Ball, location: 2F
1-2: Strikes out swinging, 2-3 out at first.
Bottom of the 9th over - 0 runs, 1 hit, 0 errors, 1 left on base; Athletic Club KC Academy 7 - Durham 1
Tuesday, December 19th, 2017 - OOTP Baseball 18.8 Build 76